 Dungeon Crawl Stone Soup version 0.28-a0-1555-g9ae15a6949 (webtiles) character file.

Game seed: 9410880984844253046

107 voltaire321 the Sneak (level 4, 0/28 HPs)
             Began as an Octopode Earth Elementalist on Jan 18, 2022.
             Slain by Terence (1 damage)
             ... on level 3 of the Dungeon.
             The game lasted 00:08:09 (2694 turns).

voltaire321 the Sneak (Octopode Earth Elementalist) Turns: 2694, Time: 00:08:09

Health: 0/28       AC:  1    Str:  7    XL:     4   Next: 86%
Magic:  2/7        EV: 11    Int: 19    God:
Gold:   103        SH:  7    Dex: 12    Spells: 1/7 levels left

rFire   . . .      SeeInvis .   g - +2 short sword (vamp)
rCold   . . .      Faith    .   h - +0 kite shield
rNeg    . . .      Spirit   .   (helmet restricted)
rPois   .          Reflect  .   (no amulet)
rElec   .          Harm     .   (no ring)
rCorr   .          Rampage  .   (no ring)
Will    .....                   (no ring)
Stlth   +++.......              (no ring)
HPRegen 0.09/turn               (no ring)
MPRegen 0.10/turn               (no ring)
                                (no ring)
                                (no ring)

@: very slightly contaminated
A: almost no armour, amphibious, 8 rings, camouflage 1, gelatinous body 1,
(nimble swimmer 1), tentacles
a: no special abilities


You were on level 3 of the Dungeon.
You visited 1 branch of the dungeon, and saw 3 of its levels.

You collected 103 gold pieces.

Inventory:

Hand Weapons
 g - a +2 vampiric short sword (weapon)
 j - a +0 rapier
Missiles
 b - 64 stones
 f - 6 curare-tipped darts
Armour
 h - a +0 kite shield (worn)
Jewellery
 l - a ring of ice
Scrolls
 c - 3 scrolls of identify {unknown}
 d - a scroll of blinking {unknown}
 e - 2 scrolls of teleportation {unknown}
Potions
 a - a potion of might {unknown}
 i - a potion of cancellation {unknown}
 k - a potion of heal wounds {unknown}


   Skills:
 + Level 1.4 Fighting
 + Level 2.5 Dodging
 - Level 3.4 Stealth
 + Level 0.5 Shields
 + Level 2.4 Spellcasting
 + Level 0.8 Conjurations
 - Level 2.0 Transmutations
 + Level 3.4 Earth Magic


You had one spell level left.
You knew the following spells:

 Your Spells              Type           Power      Damage    Failure   Level
a - Sandblast             Erth           30%        2d9       14%         1
b - Passwall              Tmut/Erth      10%        N/A       28%         2
c - Stone Arrow           Conj/Erth      20%        3d8       58%         3

Your spell library contained the following spells:

 Spells                   Type           Power      Damage    Failure   Level
 Mephitic Cloud           Conj/Pois/Air  3%         N/A       83%         3
 Petrify                  Tmut/Erth      12%        N/A       88%         4
 Blade Hands              Tmut           4%         N/A       100%        5
 Iskenderun's Battlesphe  Conj           5%         2d6       100%        5
 Iron Shot                Conj/Erth      5%         9d2       100%        6
 Spellforged Servitor     Conj/Summ      1%         N/A       100%        7
 Maxwell's Capacitive Co  Air            1%         ∞         100%        8


Dungeon Overview and Level Annotations

Branches:
Dungeon (3/15)

Altars:
Okawaru
Trog
Yredelemnul

Annotations:
D:3 Sigmund, Terence


Innate Abilities, Weirdness & Mutations

You cannot wear most types of armour.
You are amphibious.
You can wear up to eight rings at the same time.
Your skin changes colour to match your surroundings (Stealth+).
Your rubbery body absorbs attacks. (AC +1, EV +1)
((You are camouflaged when in or above water. (Stealth+)))
You have tentacles for arms and can constrict up to eight enemies at once.


Message History

Casting: Sandblast (safe; 14% risk of failure)
Confirm with . or Enter, or press ? or * to list all spells.
Aiming: Sandblast (safe; 14% risk of failure)
Press: ? - help, Shift-Dir - straight line, f/p - Terence
Aim: Terence, wielding a +0 falchion, wearing a +0 ring mail and carrying a wand of flame (12) (heavily wounded, 82% to hit)
You miscast Sandblast.
You are very lightly contaminated with residual magic.
Nothing appears to happen.
Terence zaps a wand.
The puff of flame hits you!
You completely miss Terence. You grab Terence.
Terence is heavily wounded.
You constrict Terence, but do no damage.
Terence closely misses you. Terence barely misses you.
Casting: Sandblast (safe; 14% risk of failure)
Confirm with . or Enter, or press ? or * to list all spells.
Aiming: Sandblast (safe; 14% risk of failure)
Press: ? - help, Shift-Dir - straight line, f/p - Terence
Aim: Terence, wielding a +0 falchion, wearing a +0 ring mail and carrying a wand of flame (11) (heavily wounded, constricted by you, 100% to hit)
The blast of sand hits Terence.
Terence is almost dead.
You constrict Terence, but do no damage.
Terence hits you with a +0 falchion!
* * * LOW HITPOINT WARNING * * *
Casting: Sandblast (safe; 14% risk of failure)
Confirm with . or Enter, or press ? or * to list all spells.
Aiming: Sandblast (safe; 14% risk of failure)
Press: ? - help, Shift-Dir - straight line, f/p - Terence
Aim: Terence, wielding a +0 falchion, wearing a +0 ring mail and carrying a wand of flame (11) (almost dead, constricted by you, 100% to hit)
The blast of sand hits Terence but does no damage.
Terence is almost dead.
You constrict Terence. You block Terence's attack.
Casting: Sandblast (safe; 14% risk of failure)
Confirm with . or Enter, or press ? or * to list all spells.
Aiming: Sandblast (safe; 14% risk of failure)
Press: ? - help, Shift-Dir - straight line, f/p - Terence
Aim: Terence, wielding a +0 falchion, wearing a +0 ring mail and carrying a wand of flame (11) (almost dead, constricted by you, 100% to hit)
The blast of sand hits Terence.
Terence is almost dead.
You constrict Terence, but do no damage.
Terence hits you with a +0 falchion.
You die...

#...# ..........
#...#.# #..........
#...#.# #..........
#...#.# #..........
#...#.# #.........#
#[..#.###.........#
#...#.............#
#...#..............
#.@.'..............
#@..#....######....
#...#....# #....
#...#....# ###..[.
#...#....# #......
#...#....# #..)...
#####....# #......
#########....#
#..(...
#............#
#......


You could see Terence.

Vanquished Creatures
  Jessica (D:3)
  2 adders (D:3)
  An ufetubus (D:2)
  2 worms
  A dart slug (D:1)
  6 bats
  4 endoplasms
  2 giant cockroaches
  2 goblins
  4 hobgoblins
  3 jackals (D:3)
  2 quokkas (D:1)
  5 ball pythons (D:1)
  4 frilled lizards
  7 kobolds
  5 rats
51 creatures vanquished.

Notes
Turn   | Place    | Note
-------+----------+-------------------------------------------
     0 | D:1      | voltaire321 the Octopode Earth Elementalist began the quest
                  | for the Orb.
     0 | D:1      | Reached XP level 1. HP: 11/11 MP: 3/3
   230 | D:1      | Reached XP level 2. HP: 18/18 MP: 1/5
   584 | D:1      | Reached XP level 3. HP: 9/22 MP: 6/6
   998 | D:1      | Got the Compendium of Flying Moulding
  1188 | D:2      | Found a faded altar of an unknown god.
  1483 | D:2      | Reached skill level 1 in Fighting
  1736 | D:3      | Upgraded the game from 0.28-a0-1524-ge72afd5fc6 to
                  | 0.28-a0-1555-g9ae15a6949
  1744 | D:3      | Learned a level 2 spell: Passwall
  1748 | D:3      | Learned a level 3 spell: Stone Arrow
  1772 | D:3      | Found an iron altar of Okawaru.
  1772 | D:3      | Found a basalt altar of Yredelemnul.
  2189 | D:3      | Reached XP level 4. HP: 28/28 MP: 7/7
  2204 | D:3      | Found a bloodstained altar of Trog.
  2245 | D:3      | Noticed Sigmund
  2576 | D:3      | Noticed Jessica
  2581 | D:3      | Killed Jessica
  2685 | D:3      | Noticed Terence
  2692 | D:3      | HP: 1/28 [Terence (8)]
  2694 | D:3      | Slain by Terence

Illustrated notes

Levels and vault maps discovered:
D:1:      ncdulo_lavacross, layout_loops_cross
D:2:      layout_basic, hellmonk_ecumenical_altar_arch_garden,
          minmay_misc_feat_encased
D:3:      layout_basic, grunt_temple_overflow_open, lightli_temple_of_fire,
          uniq_terence, uniq_jessica, uniq_sigmund

Skill      XL: |  1  2  3  4 |
---------------+-------------+-----
Stealth        | 3 |  3.4
Fighting       | 1 |  1.4
Transmutations | 2 |  2.0
Dodging        | |  2.5
Shields        | |  0.5
Spellcasting   | |  2.4
Conjurations   | |  0.8
Earth Magic    | |  3.4

Action                   |  1- 3 |  4- 6 || total
-------------------------+-------+-------++-------
Melee: Unarmed           |     5 |       ||     5
       Tentacles         |    12 |     6 ||    18
       Constrict         |    15 |     8 ||    23
       Dagger            |    38 |       ||    38
       Short sword       |    24 |    30 ||    54
       Punch             |       |     2 ||     2
 Cast: Sandblast         |    16 |     6 ||    22
 Stab: Sleeping          |     8 |     2 ||    10
Armor: Skin              |     4 |     2 ||     6
Dodge: Dodged            |    50 |    14 ||    64
Block: Kite shield       |     1 |    11 ||    12

Table legend: (Time is in decaauts)
 A = Elapsed time spent in this place.
 B = Non-inter-level travel time spent in this place.
 C = Inter-level travel time spent in this place.
 D = Time resting spent in this place.
 E = Time spent auto-exploring this place.
 F = Levels seen in this place.
 G = Mean time per level.
                   A        B        C        D        E       F      G
               +--------+--------+--------+--------+--------+-----+--------+
         Total |   2711 |   2611 |    100 |    468 |   1626 |   3 |  903.7 |
       Dungeon |   2711 |   2611 |    100 |    468 |   1626 |   3 |  903.7 |
               +--------+--------+--------+--------+--------+-----+--------+

Top non-repeatable levels by time:
     D:1: 1148 daAuts
     D:3: 940 daAuts
     D:2: 623 daAuts
